 Dungeon Crawl Stone Soup version 0.25-a0-558-g78a2afb0af (webtiles) character file.

Game seed: 6882648567232313615, levelgen mode: deterministic

2 vurker the Gusty (level 1, -1/7 HPs)
             Began as a Felid Air Elementalist on Feb 24, 2020.
             Slain by a goblin
             ... wielding a +0 dagger
              (4 damage)
             ... on level 1 of the Dungeon.
             The game lasted 00:00:22 (75 turns).

vurker the Gusty (Felid Air Elementalist)             Turns: 75, Time: 00:00:23

Health: -1/7       AC:  1    Str:  4    XL:     1   Next: 25%
Magic:  0/4        EV: 18    Int: 16    God:
Gold:   0          SH:  0    Dex: 16    Spells: 3/4 levels left
                                        Lives:  0   Deaths: 0

rFire    . . .     SeeInvis +   (weapon unavailable)
rCold    . . .     Gourm    .   (shield unavailable)
rNeg     . . .     Faith    .   (armour unavailable)
rPois    .         Spirit   .   (helmet unavailable)
rElec    .         Reflect  .   (cloak unavailable)
rCorr    .         Harm     .   (gloves unavailable)
MR       .....                  (boots unavailable)
Stlth    +++.......             (no amulet)
HPRegen  0.02/turn              (no ring)
MPRegen  0.09/turn              (no ring)

@: very slightly contaminated, quick
A: very small, no armour, no weapons or thrown items, stealth, claws 1, fangs 3,
see invisible, carnivore, speed 1, shaggy fur 1, slow metabolism 1, sharp paws
a: no special abilities


You were on level 1 of the Dungeon.
You were not hungry.

You visited 1 branch of the dungeon, and saw 1 of its levels.

Inventory:

Comestibles
 e - a ration


   Skills:
 + Level 0.1 Fighting
 - Level 2.6 Dodging
 - Level 2.6 Stealth
 * Level 2.0 Spellcasting
 + Level 0.9 Conjurations
 * Level 2.7 Air Magic


You had 3 spell levels left.
You knew the following spells:

 Your Spells              Type           Power        Failure   Level  Hunger
a - Shock                 Conj/Air       #...         10%         1    #......

Your spell library contained the following spells:

 Spells                   Type           Power        Failure   Level  Hunger
 Swiftness                Chrm/Air       #.......     19%         2    ###....
 Static Discharge         Conj/Air       #.......     28%         3    ###....
 Airstrike                Air            ##........   54%         4    #####..
 Lightning Bolt           Conj/Air       #.........   95%         5    ######.


Dungeon Overview and Level Annotations

Branches:
Dungeon (1/15)

Altars:


Innate Abilities, Weirdness & Mutations

You cannot wear armour.
You are incapable of wielding weapons or throwing items.
Your paws allow you to move quietly. (Stealth)
You have sharp claws.
You have razor-sharp teeth.
You have supernaturally acute eyesight. (SInv)
You are carnivorous and can eat meat at any time.
You cover ground quickly.
You are covered in fur. (AC +1)
You have a slow metabolism.
Your sharp claws are effective at attacking unaware monsters.


Message History

Found 14 stones.
You see here a whip.
You open the door.
Found an emerald potion.
There is an open door here.
A frilled lizard and a goblin come into view.
The frilled lizard hisses angrily.
There are monsters nearby!
Aim: a frilled lizard You miscast Shock.
You are very lightly contaminated with residual magic.
Nothing appears to happen.
Aim: a frilled lizard The zap hits the frilled lizard.
The frilled lizard misses you.
Aim: a frilled lizard (heavily wounded)
The zap misses the frilled lizard.
The frilled lizard misses you.
Aim: a frilled lizard (heavily wounded)
The zap misses the frilled lizard.
The frilled lizard bites you.
You don't have enough magic to cast that spell.
There is an open door here.
You barely miss the frilled lizard. The frilled lizard bites you.
You scratch the frilled lizard.
You kill the frilled lizard!
No target in view!
No target in view!
You see here a frilled lizard corpse.
You butcher the frilled lizard corpse.
The goblin shouts!
A ball python comes into view.
Things that are here:
a chunk of flesh; a frilled lizard skeleton
There is an open door here.
Things that are here:
a chunk of flesh; a frilled lizard skeleton
a - a chunk of flesh
There is an open door here.
You close the door.
Eating a chunk of flesh.
You eat the chunk of flesh.
This raw flesh tastes great.
A goblin opens the door.
It is wielding a +0 dagger.
Aim: a goblin, wielding a +0 dagger The zap misses the goblin.
You don't have enough magic to cast that spell.
You closely miss the goblin. The goblin hits you with a +0 dagger.
* * * LOW HITPOINT WARNING * * *
You are too injured to fight recklessly!
You are too injured to fight recklessly!
The goblin hits you with a +0 dagger.
Ouch! That really hurt!
You die...

......#......
...........#
...........#.#.
...............
..!....รท########
.......#'......## #....
.......#....)...##...)
.......#g..##..(##...
.......#@.####..##..#
.......#..####..##..## .
.......#...##...##...##..
.......#.................
##........).......
######..##..#####
####..##..#####
.......<.......
...............


You could see a goblin.

Vanquished Creatures
  A kobold (D:1)
  A frilled lizard (D:1)
2 creatures vanquished.

Notes
Turn   | Place    | Note
-------+----------+-------------------------------------------
     0 | D:1      | vurker the Felid Air Elementalist began the quest for the
                  | Orb.
     0 | D:1      | Reached XP level 1. HP: 7/7 MP: 4/4
    75 | D:1      | Slain by a goblin

Levels and vault maps discovered:
D:1:      minmay_arrival_four_loops, layout_rooms, roderic_roman_lattice,
          kennysheep_nondescript, minmay_3d_cube

Action                   || total
-------------------------++-------
Melee: Unarmed           ||     3
 Cast: Shock             ||     7
  Eat: Chunk             ||     1
Dodge: Dodged            ||     2

Table legend:
 A = Non-vault XP
 B = Vault XP
 C = Vault XP percentage of total XP
 D = Non-vault monster count
 E = Vault monster count
 F = Vault count percentage of total count
                 A         B        C        D         E       F
            +---------+---------+-------+---------+---------+-------
      Total |       3 |       0 |   0.0 |       2 |       0 |   0.0
            +---------+---------+-------+---------+---------+-------
        D:1 |       3 |       0 |   0.0 |       2 |       0 |   0.0
            +---------+---------+-------+---------+---------+-------
